AoeStats
← Abetterhandle

Arabia

505624890Analyzed
4v4 RM · 23d ago on Sep 10, 2026· 40m 45s· 8 players
Game mode
Random Map
Map size
Large (8 player)
Population
200
Speed
Normal
Resources
Standard
Victory
Conquest
Starting age
Dark Age
Ending age
Imperial Age
RankedLock teamsTeams togetherTeam positionsShared explorationLock speedFull tech treeHidden civsTurbo modeCheats
Victory
Defeat
🇯🇵 Franks · Japan
1036
+14
🇦🇺 Persians · Australia
1006
+15
🇨🇦 Burgundians · Canada
1000
+15
🇨🇳 Maya · China
999
+15
🇲🇽 Ethiopians · Mexico
1044
-16
🇨🇱 Spanish · Chile
984
-15
🇵🇱 Poles · Poland
976
-14
🇳🇿 Lithuanians · New Zealand
955
-14
wujiang
0:27 Loom
10:00 Feudal Age
10:36 Double-Bit Axe
17:54 Fletching
19:26 Padded Archer Armor
25:22 Castle Age
24:02 Wheelbarrow
23:10 Horse Collar
23:22 Gold Mining
26:24 Bow Saw
25:37 Crossbowman
26:41 Bodkin Arrow
27:43 Leather Archer Armor
27:54 Town Watch
29:00 Hand Cart
31:06 Ballistics
32:58 Thumb Ring
37:26 Imperial Age
37:15 Scale Mail Armor
37:26 Forging
37:31 Treadmill Crane
37:46 Capped Ram
37:56 Arbalester
38:40 Bracer
41:40 Ring Archer Armor
kagemusha
9:28 Loom
11:41 Feudal Age
15:48 Wheelbarrow
20:20 Gold Mining
21:09 Padded Archer Armor
21:00 Fletching
23:21 Castle Age
21:31 Double-Bit Axe
23:42 Scale Barding Armor
23:48 Forging
24:09 Husbandry
27:11 Iron Casting
26:59 Bow Saw
26:39 Town Watch
29:29 Chain Barding Armor
32:35 Hand Cart
38:26 Imperial Age
38:37 Cavalier
39:54 Plate Barding Armor
40:27 Blast Furnace
Amazon Shopping
5:43 Loom
10:44 Feudal Age
10:15 Double-Bit Axe
10:12 Horse Collar
17:24 Castle Age
17:12 Forging
17:09 Scale Barding Armor
17:41 Heavy Plow
18:43 Cavalier
21:45 Gold Mining
25:56 Iron Casting
26:28 Bow Saw
27:18 Scale Mail Armor
29:23 Two-Man Saw
29:54 Crop Rotation
30:53 Wheelbarrow
30:57 Gold Shaft Mining
31:07 Husbandry
32:43 Hand Cart
32:33 Treadmill Crane
33:05 Stone Mining
36:09 Imperial Age
37:04 Chain Barding Armor
36:57 Paladin
38:40 Blast Furnace
38:49 Plate Barding Armor
38:35 Capped Ram
ueatallmapercs
11:47 Feudal Age
13:31 Horse Collar
16:49 Castle Age
16:42 Double-Bit Axe
22:03 Bloodlines
21:53 Husbandry
24:24 Bow Saw
27:02 Wheelbarrow
26:52 Heavy Plow
27:03 Gold Mining
27:03 Stone Mining
28:00 Scale Barding Armor
29:16 Hand Cart
30:41 Chain Barding Armor
30:31 Forging
30:40 Hand Cart
30:28 Town Watch
35:03 Imperial Age
34:14 Gold Shaft Mining
34:15 Stone Shaft Mining
37:22 Iron Casting
37:23 Plate Barding Armor
36:35 Heavy Camel Rider
39:39 Conscription
41:13 Blast Furnace
[GDL] DannX
10:52 Feudal Age
11:48 Double-Bit Axe
16:08 Castle Age
17:54 Horse Collar
20:51 Crossbowman
22:50 Gold Mining
23:31 Fletching
24:53 Padded Archer Armor
25:36 Bodkin Arrow
32:33 Imperial Age
31:33 Wheelbarrow
32:39 Thumb Ring
32:52 Leather Archer Armor
32:58 Husbandry
33:08 Scale Barding Armor
32:55 Arbalester
35:57 Hand Cart
38:00 Squires
38:24 Ballistics
38:12 Bracer
39:33 Ring Archer Armor
39:25 Chain Barding Armor
38:28 Heavy Camel Rider
39:20 Murder Holes
Serier
4:34 Loom
12:54 Feudal Age
13:21 Double-Bit Axe
18:23 Fletching
22:28 Castle Age
21:28 Forging
21:33 Stone Mining
21:40 Horse Collar
23:09 Wheelbarrow
22:48 Scale Barding Armor
26:34 Husbandry
26:46 Bloodlines
30:35 Light Cavalry
Abetterhandle
2:26 Loom
9:51 Feudal Age
10:45 Double-Bit Axe
18:01 Castle Age
15:58 Horse Collar
16:28 Stone Mining
17:13 Horse Collar
20:48 Bloodlines
26:10 Heavy Plow
26:48 Husbandry
32:46 Forging
33:22 Scale Barding Armor
37:16 Imperial Age
34:32 Town Watch
35:53 Iron Casting
38:13 Chain Barding Armor
giancarlo7
10:23 Feudal Age
11:39 Wheelbarrow
10:47 Horse Collar
11:24 Double-Bit Axe
20:01 Castle Age
19:01 Scale Barding Armor
19:53 Stone Mining
Connection lost

Rejoining the realm…

Still unreachable

The connection could not be restored.

Session expired

The server has moved on; the page needs a fresh start.